 Dungeon Crawl Stone Soup version 0.24.0-35-gdb84b6a5db (webtiles) character file.

Game seed: 11661812574325357914, levelgen mode: deterministic

2494 MJtheKandyman the Thaumaturge (level 9, -6/71 HPs)
             Began as a Purple Draconian Fire Elementalist on Nov 17, 2019.
             Mangled by a killer bee (10 damage)
             ... on level 7 of the Dungeon.
             The game lasted 01:43:14 (10890 turns).

MJtheKandyman the Thaumaturge (DrFE)               Turns: 10890, Time: 01:43:14

Health: -6/71      AC:  7    Str: 11    XL:     9   Next: 28%
Magic:  0/21       EV: 14    Int: 21    God:
Gold:   302        SH:  0    Dex: 11    Spells: 16/24 levels left

rFire    . . .     SeeInvis .   t - +0 hunting sling
rCold    . . .     Gourm    .   (no shield)
rNeg     + . .     Faith    .   (armour unavailable)
rPois    .         Spirit   .   (helmet restricted)
rElec    .         Reflect  .   (no cloak)
rCorr    .         Harm     .   (no gloves)
MR       +....                  (no boots)
Stlth    ++........             B - amulet of regeneration
HPRegen  0.61/turn              D - ring of positive energy
MPRegen  0.17/turn              (no ring)

@: lethally poisoned (-6 -> -12), hasted, very quick
A: breathe power, unfitting armour, blurry vision 1, clever 1, cold-blooded, AC
+7
a: Breathe Dispelling Energy


You were on level 7 of the Dungeon.
You were not hungry.

You visited 2 branches of the dungeon, and saw 8 of its levels.
You also visited: Sewer.

You collected 302 gold pieces.

Inventory:

Hand Weapons
 j - a +0 spear
 k - a +0 dagger
 m - a cursed +0 dagger
 o - a +0 short sword
 t - a +0 hunting sling (weapon)
 w - a +0 hunting sling
 z - a +1 rapier of flaming
 K - a +1 dagger of protection
 N - a +0 hunting sling
Missiles
 p - 136 stones (quivered)
 y - 6 poisoned darts
Armour
 v - a +0 cloak
Jewellery
 c - an uncursed ring of ice
 l - an uncursed amulet of the gourmand {unknown}
 n - an uncursed ring of stealth {unknown}
 q - a cursed amulet of inaccuracy {unknown}
 A - an uncursed amulet of regeneration
 B - an amulet of regeneration (around neck)
 D - a ring of positive energy (left hand)
 F - a cursed ring of teleportation {unknown}
 P - a +5 ring of protection {unknown}
Wands
 u - a wand of acid (7)
 x - a wand of paralysis (7)
 H - a wand of flame (14)
 J - a wand of iceblast (23)
Scrolls
 a - 4 scrolls of teleportation
 f - a scroll of magic mapping
 r - a scroll of immolation {unknown}
 C - a scroll of remove curse {unknown}
 E - a scroll of random uselessness {unknown}
 I - a scroll of enchant armour {unknown}
 L - 3 scrolls of blinking {unknown}
 O - a scroll of silence {unknown}
 Q - a scroll of amnesia
Potions
 d - a potion of invisibility {unknown}
 e - a potion of berserk rage {unknown}
 g - 2 potions of flight {unknown}
 h - a potion of curing {unknown}
 i - a potion of mutation
 s - a potion of haste
Comestibles
 b - 8 rations


   Skills:
 - Level 3.6 Fighting
 + Level 5.0 Dodging
 - Level 1.7 Stealth
 + Level 8.4 Spellcasting
 - Level 1.0 Conjurations
 + Level 4.8 Hexes
 + Level 7.1 Fire Magic


You had 16 spell levels left.
You knew the following spells:

 Your Spells              Type           Power        Failure   Level  Hunger
a - Flame Tongue          Conj/Fire      ####.        1%          1    None
b - Conjure Flame         Conj/Fire      ####....     4%          3    None
c - Confusing Touch       Hex            ####..       1%          1    None
d - Confuse               Hex            ####....     3%          3    None

Your spell library contained the following spells:

 Spells                   Type           Power        Failure   Level  Hunger
 Inner Flame              Hex/Fire       ####....     1%          3    None
 Throw Flame              Conj/Fire      ####..       2%          2    None
 Sticky Flame             Conj/Fire      ####....     14%         4    ###....
 Gell's Gravitas          Tloc           #.........   22%         3    None
 Fireball                 Conj/Fire      ####......   36%         5    #####..
 Petrify                  Tmut/Erth      #.......     58%         4    ###....
 Metabolic Englaciation   Hex/Ice        ###.......   61%         5    #####..
 Yara's Violent Unravell  Hex/Tmut       ###.......   61%         5    #####..


Dungeon Overview and Level Annotations

Branches:
Dungeon (7/15)             Temple (1/1) D:5           Sewer (visited)

Altars:
Ashenzari
Cheibriados
Dithmenos
Elyvilon
Fedhas
Gozag
Hepliaklqana
Kikubaaqudgha
Nemelex Xobeh
Okawaru
Qazlal
Ru
Uskayaw
Wu Jian
Xom
Yredelemnul
Zin
The Shining One

Shops:
D:4 :

Annotations:
D:2 Robin
D:4 Book shop
D:5 Pikel


Innate Abilities, Weirdness & Mutations

You can breathe bolts of dispelling energy.
Your rich purple scales are hard. (AC +7)
You cannot fit into any form of body armour.
You are cold-blooded and may be slowed by cold attacks.
Scrolls take you a little longer to read.
Your mind is acute. (Int +2)


Message History

You are more poisoned.
The killer bee poisons you! The killer bee closely misses you.
You feel yourself speed up.
You feel sick. The killer bee closely misses you. x2
You feel sick. The killer bee barely misses you.
You feel sick.
You feel sick.
Things that are here:
a +0 flail; a +0 halberd You feel sick.
The killer bee stings you!
* * * LOW HITPOINT WARNING * * *
Casting: Flame Tongue (safe; 1% risk of failure)
Confirm with . or Enter, or press ? or * to list all spells.
Aiming: Flame Tongue (safe; 1% risk of failure)
Press: ? - help, Shift-Dir - straight line, f/p - killer bee
Aim: a killer bee (almost dead)
The flame tongue hits the killer bee but does no damage.
The killer bee is almost dead.
* * * LOW HITPOINT WARNING * * *
You feel sick. The killer bee stings you!
You die...

####### ####### #.... ......#
#.....# yy..# #####.# #. #.....#
#.#.# #.# #. ###'##### #.#.# #.#
#. #.....#.###.#.# #.# #.###.
#....)'..##.#.# #.# #.....
#######..÷..#.# #.#
#..##.##############.#.# #.#
#..##..@y...(÷....(..#.# #.#
#..##..###############.# #.#
#..................###.#
#####.####.####.###########.##..#
................# #.##.##
########.#.####.# ##### #.##.#
#.#.# #.# #...# #.##.# #...# #.#
###.#.###.##.# #### #.###
#.###...#...#.##.#


You could see a killer bee.

Vanquished Creatures
  4 hogs (D:7)
  A human (D:7)
  2 slaves (D:5)
  A black bear (D:6)
  A phantom (D:6)
  2 ice beasts
  2 ogres
  A crocodile (D:6)
  Blork the orc (D:5)
  2 bullfrogs
  A wyvern skeleton (D:7)
  A scorpion (D:7)
  2 killer bees (D:7)
  2 howler monkeys (D:5)
  4 wights (D:6)
  A crimson imp (D:6)
  3 hounds
  4 orc wizards
  3 worker ants
  A howler monkey skeleton (D:4)
  4 gnolls (D:7)
  8 adders
  4 river rats (D:3)
  2 shadow imps
  An adder skeleton (D:4)
  3 dart slugs
  5 worms
  3 orcs
  9 bats
  4 giant cockroaches
  6 goblins
  8 hobgoblins
  11 jackals
  3 quokkas
  A ball python (D:1)
  4 frilled lizards
  8 kobolds
  A leopard gecko skeleton (D:5)
  A quokka zombie (D:6)
  9 rats
134 creatures vanquished.

Notes
Turn   | Place    | Note
-------+----------+-------------------------------------------
     0 | D:1      | MJtheKandyman the Draconian Fire Elementalist began the
                  | quest for the Orb.
     0 | D:1      | Reached XP level 1. HP: 14/14 MP: 3/3
   874 | D:1      | Reached XP level 2. HP: 20/20 MP: 3/5
  1423 | D:2      | Reached skill level 3 in Spellcasting
  1770 | D:2      | Reached XP level 3. HP: 26/26 MP: 4/7
  1918 | D:2      | Noticed Robin
  2431 | D:3      | Reached skill level 1 in Fighting
  2480 | D:3      | Reached XP level 4. HP: 29/35 MP: 6/9
  2510 | D:3      | Reached skill level 4 in Spellcasting
  2515 | D:3      | Learned a level 3 spell: Conjure Flame
  2533 | D:3      | Found a glowing drain.
  2540 | Sewer    | Entered a sewer
  2647 | Sewer    | Noticed Purgy
  3437 | D:3      | Found a sparkling altar of Nemelex Xobeh.
  3491 | D:4      | Reached XP level 5. HP: 40/41 MP: 5/11
  3539 | D:4      | Found Fatiup's Book Boutique.
  3892 | D:4      | Noticed an ogre
  3915 | D:4      | Killed an ogre
  3915 | D:4      | Reached XP level 6. HP: 50/50 MP: 4/13
  4880 | D:3      | Found a glowing golden altar of the Shining One.
  5195 | D:4      | Reached skill level 5 in Spellcasting
  5284 | D:4      | Gained mutation: Scrolls take you a little longer to read.
                  | [potion of mutation]
  5284 | D:4      | Gained mutation: You are dopey. (Int -2) [potion of
                  | mutation]
  5284 | D:4      | Gained mutation: Your tail ends in a poisonous barb.
                  | [potion of mutation]
  5285 | D:4      | Lost mutation: Your tail ends in a poisonous barb. [potion
                  | of mutation]
  5285 | D:4      | Lost mutation: Scrolls take you a little longer to read.
                  | [potion of mutation]
  5285 | D:4      | Gained mutation: You are agile. (Dex +2) [potion of
                  | mutation]
  5285 | D:4      | Gained mutation: You have large cloven feet. [potion of
                  | mutation]
  5286 | D:4      | Lost mutation: You are agile. (Dex +2) [potion of mutation]
  5286 | D:4      | Lost mutation: You are dopey. (Int -2) [potion of mutation]
  5286 | D:4      | Lost mutation: You have large cloven feet. [potion of
                  | mutation]
  5286 | D:4      | Gained mutation: Scrolls take you a little longer to read.
                  | [potion of mutation]
  5286 | D:4      | Gained mutation: Your mind is acute. (Int +2) [potion of
                  | mutation]
  6142 | D:5      | Entered Level 5 of the Dungeon
  6142 | D:5      | Noticed Blork the orc
  6623 | D:5      | Killed Blork the orc
  6913 | D:5      | Your scales start taking on a rich purple colour.
  6913 | D:5      | Reached skill level 6 in Spellcasting
  6913 | D:5      | Reached XP level 7. HP: 57/57 MP: 6/16
  7189 | D:5      | Reached skill level 5 in Fire Magic
  7318 | D:5      | Found a staircase to the Ecumenical Temple.
  7364 | D:5      | Noticed Pikel
  7587 | Temple   | Entered the Ecumenical Temple
  8114 | D:5      | Learned a level 1 spell: Confusing Touch
  8919 | D:6      | Reached skill level 1 in Hexes
  9034 | D:6      | Found a basalt altar of Yredelemnul.
  9035 | D:6      | Found a stormy altar of Qazlal.
  9162 | D:6      | Learned a level 3 spell: Confuse
  9179 | D:6      | Reached skill level 7 in Spellcasting
  9179 | D:6      | Reached XP level 8. HP: 66/66 MP: 11/18
 10606 | D:7      | Reached skill level 8 in Spellcasting
 10606 | D:7      | Reached XP level 9. HP: 40/71 MP: 9/21
 10800 | D:7      | Reached skill level 5 in Dodging
 10890 | D:7      | Mangled by a killer bee

Levels and vault maps discovered:
D:1:      kennysheep_arrival_seaside, layout_loops_ring, dk_noncrumbling_4,
          minmay_quantized
D:2:      layout_basic, uniq_robin
D:3:      layout_loops_ring, nemelex_xobeh_ov_fountains_minmay,
          nicolae_overflow_hidden_temple, lightli_sewer_entry_pipes,
          minmay_diced_spiral
D:4:      layout_basic, serial_shops, nicolae_shop_stone
D:5:      layout_loops_ring, minmay_temple_entry_glass, first_ration,
          serial_glass, glass_columns_c, glass_columns_a, uniq_pikel,
          uniq_blork_the_orc
D:6:      layout_rooms, gammafunk_temple_overflow_statue,
          chequers_serial_rivers_large_a
D:7:      layout_loops_ring, grunt_temple_overflow_lords_of_destruction,
          grunt_livestock
Temple:   jpeg_temple_clearing

Skill      XL: |  1  2  3  4  5  6  7  8  9 |
---------------+----------------------------+-----
Spellcasting   | 3 4 6 7 8 |  8.4
Fighting       | 1 2 3 |  3.6
Fire Magic     | 4 5 6 7 |  7.1
Dodging        | 2 3 4 5 |  5.0
Hexes          | 1 4 |  4.8
Stealth        | |  1.7
Conjurations   | |  1.0

Action                   |  1- 3 |  4- 6 |  7- 9 || total
-------------------------+-------+-------+-------++-------
Melee: Unarmed           |    14 |       |     2 ||    16
       Tailslap          |     3 |       |     9 ||    12
       Dagger            |     1 |       |    92 ||    93
 Fire: Hunting sling     |    18 |   123 |   228 ||   369
Throw: Stone             |     7 |       |    14 ||    21
 Cast: Flame Tongue      |    55 |    82 |   143 ||   280
       Conjure Flame     |       |    26 |    39 ||    65
       Confusing Touch   |       |       |     1 ||     1
       Confuse           |       |       |     2 ||     2
 Abil: Breathe Dispellin |       |       |     1 ||     1
Evoke: Wand              |       |       |     3 ||     3
  Use: Scroll            |     5 |     1 |     4 ||    10
       Potion            |       |     3 |     2 ||     5
  Eat: Chunk             |     5 |     8 |     4 ||    17
       Ration            |       |     2 |     3 ||     5
Armor: Skin              |    15 |    22 |    52 ||    89
Dodge: Dodged            |    27 |    41 |   105 ||   173
